 Dungeon Crawl Stone Soup version 0.31-a0-588-g14bffd4ff3 (webtiles) character file.

Game seed: 15700426920800299172

1311 Conn the Magician (level 8, -8/43 HPs)
             Began as an Octopode Fire Elementalist on Aug 19, 2023.
             Was an Initiate of Sif Muna.
             Killed by an exploding orc (45 damage)
             ... ignited by their inner flame
             ... on level 7 of the Dungeon.
             The game lasted 00:07:35 (6721 turns).

Conn the Magician (Octopode Fire Elementalist)      Turns: 6721, Time: 00:07:35

Health: -8/43      AC:  1    Str:  8    XL:     8   Next: 58%
Magic:  9/17       EV: 13    Int: 19    God:    Sif Muna [......]
Gold:   286        SH:  0    Dex: 12    Spells: 9/19 levels left

rFire   . . .        e - staff of conjuration
rCold   + + .        (no shield)
rNeg    . . .        (helmet restricted)
rPois   .            s - amulet of faith
rElec   .            h - ring of protection from cold
rCorr   .            (no ring)
SInv    .            (no ring)
Will    .....        (no ring)
Stlth   ++++         (no ring)
HPRegen 0.27/turn    (no ring)
MPRegen 0.15/turn    (no ring)
                     (no ring)

%: faith
@: no status effects
A: almost no armour, amphibious, 8 rings, camouflage 1, gelatinous body 1,
(nimble swimmer 1), tentacles, tentacle spike 1, cold resistance 1, frail 1,
MP-powered wands
a: Renounce Religion


You were on level 7 of the Dungeon.
You worshipped Sif Muna.
Sif Muna was noncommittal.
You visited 2 branches of the dungeon, and saw 8 of its levels.

You collected 286 gold pieces.

Inventory:

Hand Weapons
 f - a +1 short sword
 k - the +2 spear of the Wolf {heavy, Int+4}
   (You found it on level 2 of the Dungeon)

   Int+4:     It affects your intelligence (+4).
Missiles
 i - 4 poisoned darts
Armour
 g - a +0 kite shield
Magical Staves
 e - a staff of conjuration (weapon)
 p - a staff of cold
Jewellery
 h - a ring of protection from cold (left tentacle)
 s - an amulet of faith (around mantle)
Scrolls
 c - a scroll of teleportation
 j - a scroll of amnesia
 o - 2 scrolls of identify
 q - a scroll of brand weapon
 t - a scroll of immolation {unknown}
 v - a scroll of enchant weapon
Potions
 a - a potion of magic
 b - a potion of enlightenment
 d - a potion of heal wounds
 l - a potion of brilliance
 m - a potion of curing
 n - a potion of berserk rage
 r - a potion of haste {unknown}
 u - a potion of invisibility {unknown}
 w - 2 potions of attraction {unknown}


   Skills:
 + Level 1.0 Fighting
 + Level 0.6 Short Blades
 + Level 1.6 Polearms
 + Level 2.3 Dodging
 + Level 4.5 Stealth
 * Level 6.0 Spellcasting
 * Level 4.5 Conjurations
 + Level 1.0 Hexes
 + Level 5.8 Fire Magic


You had 9 spell levels left.
You knew the following spells:

 Your Spells              Type           Power      Damage    Failure   Level
a - Foxfire               Conj/Fire      100%       2x1d9     1%          1
b - Scorch                Fire           56%        2d7       1%          2
c - Inner Flame           Hex/Fire       18%        N/A       9%          3
d - Flame Wave            Conj/Fire      38%        2d10      13%         4

Your spell library contained the following spells:

 Spells                   Type           Power      Damage    Failure   Level
 Slow                     Hex            36%        N/A       8%          1
 Volatile Blastmotes      Fire/Tloc      32%        2d12      10%         3
 Confusing Touch          Hex            9%         N/A       22%         3
 Vampiric Draining        Necr           5%         2d6       32%         3


Dungeon Overview and Level Annotations

Branches:
Dungeon (7/15)             Temple (1/1) D:6

Altars:
Ashenzari
Cheibriados
Elyvilon
Fedhas
Gozag
Hepliaklqana
Kikubaaqudgha
Makhleb
Nemelex Xobeh
Okawaru
Qazlal
Ru
Sif Muna
Trog
Uskayaw
Vehumet
Wu Jian
Xom
Yredelemnul
Zin
The Shining One

Shops:
D:1 (   D:3 =


Innate Abilities, Weirdness & Mutations

You cannot wear most types of armour.
You are amphibious.
You can wear up to eight rings at the same time.
Your skin changes colour to match your surroundings (Stealth+).
Your rubbery body absorbs attacks. (AC +1, EV +1)
((You are camouflaged when in or above water. (Stealth+)))
You have tentacles for arms and can constrict up to eight enemies at once.
One of your tentacles bears a spike.
Your flesh is cold resistant. (rC+)
You are frail. (-10% HP)
You expend magic power (3 MP) to strengthen your wands.


Message History

You now have 286 gold pieces (gained 14).
You hear the slow hiss of an avalanche of sand very nearby.
You open the door.
A centaur and 4 orcs come into view.
The orc shouts! x4; The centaur shouts!
The centaur wields a +0 shortbow.
The centaur shoots an arrow.
The arrow closely misses you.
Casting: Foxfire (safe; 1% risk of failure)
Confirm with . or Enter, or press ? or * to list all spells.
Aiming: Inner Flame (dangerous; 9% risk of failure)
Press: ? - help, Dir - move target, f - orc
Aim: an orc, wielding a +0 mace and wearing a +0 chain mail (chance to affect: 85%)
The orc is filled with an inner flame.
The orc hits you with a +0 whip.
Casting: Inner Flame (dangerous; 9% risk of failure)
Confirm with . or Enter, or press ? or * to list all spells.
Okay, then.
Unknown command.
Casting: Inner Flame (dangerous; 9% risk of failure)
Confirm with . or Enter, or press ? or * to list all spells.
Aiming: Inner Flame (dangerous; 9% risk of failure)
Press: ? - help, Dir - move target, f - orc, p - orc
Aim: an orc, wielding a +0 hand axe, wearing a +0 ring mail and quivering boomerangs (chance to affect: 85%)
The orc is filled with an inner flame.
The orc misses you.
Unknown command.
Casting: Inner Flame (dangerous; 9% risk of failure)
Confirm with . or Enter, or press ? or * to list all spells.
Flames lash the orc.
Flame seeps out of the orc.
The orc is almost dead.
The orc's fire resistance burns away.
The orc is engulfed in blazing flames.
Sif Muna accepts your kill.
The orc explodes!
The fiery explosion engulfs the orc!
You kill the orc!
Sif Muna accepts your kill.
The fiery explosion engulfs the orc!!
Sif Muna accepts your kill.
The orc explodes!
The fiery explosion engulfs you!!!
Ouch! That really hurt!
You die...

#..###.#
#.........####......##
+.........+...........
.........###....#.###
...o... #.#.##.# §.§.c
#.#.##.# ○§§ #.#..#.#
#)# #.##.#.# #@#
#......# #.# ####.###
####.#### #.#
#.......#######.#
#...............#
#.#.....#########
#.#.###.# .... #.#
##... #.#


You could see a centaur and an orc.

Vanquished Creatures
  A steam dragon (D:6)
  2 water moccasins
  An ice beast (D:6)
  A sky beast (D:6)
  An ogre (D:4)
  A scorpion (D:4)
  A howler monkey (D:6)
  3 hounds
  4 jellies
  An orc priest (D:6)
  3 sleepcaps (D:6)
  4 iguanas
  8 adders
  A shadow imp (D:5)
  2 white imps (D:5)
  3 worms
  2 dart slugs
  3 orcs (D:7)
  6 endoplasms
  4 giant cockroaches
  3 goblins
  9 hobgoblins
  11 jackals
  2 quokkas
  10 ball pythons
  5 bats
  3 frilled lizards
  3 kobolds
  7 rats
105 creatures vanquished.

Vanquished Creatures (others)
  322 foxfires
322 creatures vanquished.

Grand Total: 427 creatures vanquished

Notes
Turn   | Place    | Note
-------+----------+-------------------------------------------
     0 | D:1      | Conn the Octopode Fire Elementalist began the quest for the
                  | Orb.
     0 | D:1      | Reached XP level 1. HP: 11/11 MP: 3/3
   457 | D:1      | Reached XP level 2. HP: 17/17 MP: 0/5
   510 | D:1      | Found Qimeocei's Antique Weapon Emporium.
   519 | D:1      | Learned a level 2 spell: Scorch
   805 | D:1      | Found a faded altar of an unknown god.
  1015 | D:2      | Reached XP level 3. HP: 13/21 MP: 6/6
  1019 | D:2      | Learned a level 3 spell: Inner Flame
  1180 | D:2      | Reached XP level 4. HP: 18/27 MP: 7/7
  1593 | D:2      | Identified the +2 spear of the Wolf {heavy, Int+4}
  2210 | D:3      | Reached XP level 5. HP: 32/32 MP: 8/8
  2819 | D:3      | Found Uneav's Jewellery Shoppe.
  3079 | D:4      | Reached skill level 1 in Polearms
  3151 | D:4      | Reached skill level 3 in Spellcasting
  3378 | D:4      | Reached XP level 6. HP: 37/37 MP: 3/10
  4332 | D:5      | Entered Level 5 of the Dungeon
  4345 | D:5      | Gained mutation: Your body sometimes deteriorates upon
                  | taking damage. [potion of mutation]
  4345 | D:5      | Gained mutation: Your magical capacity is low. (-10% MP)
                  | [potion of mutation]
  4345 | D:5      | Gained mutation: You have a pair of small antennae on your
                  | head. [potion of mutation]
  4347 | D:5      | Lost mutation: Your magical capacity is low. (-10% MP)
                  | [potion of mutation]
  4347 | D:5      | Lost mutation: Your body sometimes deteriorates upon taking
                  | damage. [potion of mutation]
  4347 | D:5      | Lost mutation: You have a pair of small antennae on your
                  | head. [potion of mutation]
  4347 | D:5      | Gained mutation: Your flesh is cold resistant. (rC+)
                  | [potion of mutation]
  4347 | D:5      | Gained mutation: You are frail. (-10% HP) [potion of
                  | mutation]
  4347 | D:5      | Gained mutation: You have hidden genetic potential. [potion
                  | of mutation]
  4630 | D:5      | Noticed a water moccasin
  4635 | D:5      | Killed a water moccasin
  4636 | D:5      | Reached skill level 4 in Spellcasting
  4636 | D:5      | Reached XP level 7. HP: 32/37 MP: 5/13
  4734 | D:5      | Learned a level 4 spell: Flame Wave
  5405 | D:6      | Noticed a steam dragon
  5411 | D:6      | Killed a steam dragon
  5412 | D:6      | Reached skill level 1 in Fighting
  5418 | D:6      | Gained mutation: One of your tentacles bears a spike.
                  | [hidden potential]
  5513 | D:6      | Found a staircase to the Ecumenical Temple.
  5522 | Temple   | Entered the Ecumenical Temple
  5560 | Temple   | Became a worshipper of Sif Muna the Loreminder
  5601 | D:6      | Reached skill level 5 in Spellcasting
  5701 | D:6      | Reached skill level 1 in Hexes
  5746 | D:6      | Reached skill level 5 in Fire Magic
  5829 | D:6      | Reached XP level 8. HP: 43/43 MP: 9/15
  6089 | D:6      | Gained mutation: You expend magic power (3 MP) to
                  | strengthen your wands. [hidden potential]
  6089 | D:6      | Lost mutation: You have hidden genetic potential. [hidden
                  | potential expressed]
  6605 | D:6      | Reached skill level 6 in Spellcasting
  6721 | D:7      | Killed by an exploding orc... ignited by their inner flame

Illustrated notes

Levels and vault maps discovered:
D:1:      tarquinn_simple_flora_water_a, layout_basic, serial_shops,
          nicolae_shop_crystal, ebering_ecumenical_altar_webs
D:2:      minmay_chambers_of_twos, layout_basic
D:3:      layout_basic, serial_shops, nicolae_shop_tiny_real_fake_doors
D:4:      layout_layer_cave, minivault_25, minmay_misc_feat_x, st_stairs_2
D:5:      layout_cave_pods
D:6:      layout_gridville, temple_fountains, minivault_14, hellmonk_no_cap
D:7:      layout_loops_corners, ebering_ghost_rock_garden,
          nicolae_ossuary_entry_monument
Temple:   mainiacjoe_temple_trianglar_array

Skill      XL: |  1  2  3  4  5  6  7  8 |
---------------+-------------------------+-----
Stealth        | 3 4 |  4.5
Polearms       | 1 |  1.6
Conjurations   | 2 3 4 |  4.5
Fire Magic     | 4 5 |  5.8
Spellcasting   | 3 4 5 6 |  6.0
Fighting       | 1 |  1.0
Hexes          | 1 |  1.0
Short Blades   | |  0.6
Dodging        | |  2.3

Action                     |  1- 3 |  4- 6 |  7- 9 || total
---------------------------+-------+-------+-------++-------
  Melee: Unarmed           |     5 |       |       ||     5
         Constrict         |     9 |    10 |     1 ||    20
         Short sword       |    26 |     8 |       ||    34
         Tentacles         |     4 |     3 |     2 ||     9
         Punch             |     1 |       |       ||     1
         Spear             |       |    25 |       ||    25
         Staff             |       |     2 |     3 ||     5
         Kick              |       |       |     1 ||     1
   Cast: Foxfire           |    26 |    80 |    70 ||   176
         Scorch            |       |    12 |    23 ||    35
         Inner Flame       |       |       |     5 ||     5
    Use: Scroll            |       |    10 |       ||    10
         Potion            |       |     4 |       ||     4
   Stab: Sleeping          |     7 |     6 |       ||    13
 Armour: Skin              |     1 |     4 |       ||     5
  Dodge: Dodged            |    12 |    20 |    19 ||    51

Table legend: (Time is in decaauts)
 A = Elapsed time spent in this place.
 B = Non-inter-level travel time spent in this place.
 C = Inter-level travel time spent in this place.
 D = Time resting spent in this place.
 E = Time spent auto-exploring this place.
 F = Levels seen in this place.
 G = Mean time per level.
                   A        B        C        D        E       F      G
               +--------+--------+--------+--------+--------+-----+--------+
         Total |   6733 |   6565 |    168 |      0 |   5593 |   8 |  841.6 |
       Dungeon |   6663 |   6526 |    137 |      0 |   5593 |   7 |  951.9 |
        Temple |     69 |     38 |     31 |      0 |      0 |   1 |   69.0 |
               +--------+--------+--------+--------+--------+-----+--------+

Top non-repeatable levels by time:
     D:4: 1442 daAuts
     D:6: 1196 daAuts
     D:5: 1052 daAuts
     D:1: 984 daAuts
     D:2: 958 daAuts
     D:3: 958 daAuts
  Temple: 69 daAuts
     D:7: 69 daAuts
